 Dungeon Crawl Stone Soup version bcrawl-1.27.6 (webtiles) character file.

Game seed: 12262873341826255869

214846 Faustar the Destroyer (level 8, -6/41 HPs)
             Began as an Avariel Fire Elementalist on Sept 29, 2020.
             Mangled by a centaur (10 damage)
             ... on level 6 of the Dungeon.
             The game lasted 00:19:05 (5741 turns).

Faustar the Destroyer (Avariel Fire Elementalist)   Turns: 5741, Time: 00:19:06

Health: -6/41      AC:  3    Str:  6    XL:     8   Next: 57%
Magic:  0/16       EV: 12    Int: 24    God:
Gold:   466        SH:  0    Dex: 13    Spells: 2/15 levels left

rFire    . . .     SeeInvis .   v - +0 war axe (chop)
rCold    . . .     Gourm    .   (no shield)
rNeg     . . .     Faith    .   a - +0 robe
rPois    .         Spirit   .   u - +0 helmet
rElec    .         Reflect  .   (no cloak)
rCorr    .         Harm     .   (no gloves)
MR       .....                  (no boots)
Stlth    ++........             (no amulet)
HPRegen  0.13/turn              (no ring)
MPRegen  0.15/turn              (no ring)

@: no status effects
A: no striking features
a: no special abilities


You were on level 6 of the Dungeon.
You were hungry.

You visited 1 branch of the dungeon, and saw 6 of its levels.
You also visited: Ossuary.

You collected 466 gold pieces.

Inventory:

Hand Weapons
 v - a +0 war axe of chopping (weapon)
Missiles
 c - 2245 stones (quivered)
Armour
 a - a +0 robe (worn)
 u - a +0 helmet (worn)
Jewellery
 l - an uncursed ring of protection from magic {unknown}
Scrolls
 b - 2 scrolls of enchant weapon {unknown}
 g - 3 scrolls of identify
 h - 2 scrolls of magic mapping
 j - a scroll of blinking {unknown}
 m - a scroll of enchant armour {unknown}
 o - 6 scrolls of fog {unknown}
 p - a scroll of amnesia {unknown}
 q - a scroll of remove curse {unknown}
 s - 2 scrolls of teleportation {unknown}
 x - a scroll of fear {unknown}
Potions
 d - 2 potions of lignification {unknown}
 f - 6 potions of heal wounds {unknown}
 i - 2 potions of magic {unknown}
 k - a potion of agility {unknown}
 n - 3 potions of curing {unknown}
 r - a potion of brilliance {unknown}
 t - 2 potions of haste {unknown}
 w - a potion of resistance {unknown}
 z - a potion of degeneration {unknown}
Comestibles
 e - 12 rations {!d}


   Skills:
 - Level 2.1 Dodging
 - Level 2.1 Stealth
 - Level 4.0 Spellcasting
 + Level 9.3 Conjurations
 + Level 8.1 Fire Magic


You had 2 spell levels left.
You knew the following spells:

 Your Spells              Type           Power        Failure   Level  Hunger
a - Flame Tongue          Conj/Fire      #####        1%          1    None
b - Conjure Flame         Conj/Fire      #####...     1%          3    ###....
c - Sticky Flame          Conj/Fire      #####...     2%          4    #####..
d - Fireball              Conj/Fire      #####.....   8%          5    ######.

Your spell library contained the following spells:

 Spells                   Type           Power        Failure   Level  Hunger
 Magic Dart               Conj           ####         1%          1    None
 Flaming Arrows           Chrm/Fire      ###.....     2%          2    None
 Blink                    Tloc           N/A          14%         2    None
 Call Imp                 Summ           #.....       14%         2    None
 Inner Flame              Hex/Fire       N/A          5%          3    ###....
 Mephitic Cloud           Conj/Pois/Air  ###.....     9%          3    ###....
 Spider Form              Tmut/Pois      #..          28%         3    ###....


Dungeon Overview and Level Annotations

Branches:
Dungeon (6/12)
 Temple: D:4-7

Altars:
Ashenzari
Cheibriados
Dithmenos
Lugonu
Ru
Trog
Yredelemnul
The Shining One

Shops:
D:4 %


Message History

Casting: Flame Tongue (safe; 1% risk of failure)
Confirm with . or Enter, or press ? or * to list all spells.
Aiming: Flame Tongue (safe; 1% risk of failure)
Press: ? - help, Shift-Dir - straight line, f/p - centaur
Aim: a centaur, quivering 167 arrows (heavily wounded)
The flame tongue hits the orc!
You kill the orc!
The centaur wields a +0 shortbow.
The centaur shoots an arrow.
The arrow hits you!
* * * LOW HITPOINT WARNING * * *
Casting: Flame Tongue (safe; 1% risk of failure)
Confirm with . or Enter, or press ? or * to list all spells.
Aiming: Flame Tongue (safe; 1% risk of failure)
Press: ? - help, Shift-Dir - straight line, f/p - centaur
Aim: a centaur, wielding a +0 shortbow and quivering 166 arrows (heavily wounded)
The flame tongue hits the centaur but does no damage.
The centaur is heavily wounded.
The centaur shoots an arrow.
The arrow closely misses you.
The centaur unwields a +0 shortbow.
The centaur hits you!
You die...

#.............##
##..##.
#............##
##..#.
#............#
###..
#.....^.....##
##.
#..#######..# #.
#### ##.# #. #.#
## #.## ##@# #c#
#o# #.# #.. #..
#.. #...


You could see a centaur and an orc.

Vanquished Creatures
  Edmund (D:6)
  2 ice beasts (D:5)
  An ogre (D:4)
  A bullfrog (D:6)
  An elf zombie (Ossuary)
  A scorpion (D:5)
  4 crimson imps
  A centaur zombie (Ossuary)
  2 human zombies (Ossuary)
  A hound (D:5)
  2 orc priests
  3 worker ants (D:5)
  2 orc wizards (D:3)
  A big kobold zombie (Ossuary)
  A hound skeleton (D:4)
  2 mummies (Ossuary)
  A worker ant zombie (D:5)
  5 adders (D:3)
  4 gnolls (D:3)
  An adder skeleton (D:4)
  2 adder zombies (Ossuary)
  5 worms
  3 dart slugs
  6 leopard geckos
  19 orcs
  2 bats
  4 giant cockroaches
  9 hobgoblins
  10 jackals
  A quokka (D:2)
  3 goblins
  2 goblin zombies (Ossuary)
  9 hobgoblin zombies (Ossuary)
  3 jackal zombies
  6 kobolds
  9 kobold zombies (Ossuary)
  7 orc zombies (Ossuary)
  A rat (D:2)
  A rat zombie (Ossuary)
139 creatures vanquished.

Notes
Turn   | Place    | Note
-------+----------+-------------------------------------------
     0 | D:1      | Faustar the Avariel Fire Elementalist began the quest for
                  | the Orb.
     0 | D:1      | Reached XP level 1. HP: 10/10 MP: 6/6
   202 | D:1      | Reached skill level 2 in Conjurations
   203 | D:1      | Reached XP level 2. HP: 15/15 MP: 4/7
   589 | D:1      | Reached XP level 3. HP: 19/19 MP: 6/9
   806 | D:2      | Reached skill level 3 in Conjurations
   868 | D:2      | Found a faded altar of an unknown god.
  1453 | D:2      | Learned a level 3 spell: Conjure Flame
  1517 | D:2      | Reached XP level 4. HP: 24/24 MP: 7/11
  1550 | D:2      | Learned a level 4 spell: Sticky Flame
  1877 | D:3      | Reached skill level 4 in Conjurations
  1958 | D:3      | Reached XP level 5. HP: 9/28 MP: 5/13
  2717 | D:3      | Reached skill level 5 in Conjurations
  2717 | D:3      | Reached XP level 6. HP: 32/32 MP: 11/14
  2719 | D:3      | Reached skill level 5 in Fire Magic
  2850 | D:4      | Found Ruphujoec's Food Boutique.
  2876 | D:4      | Found a sand-covered staircase.
  2899 | D:4      | Found a basalt altar of Yredelemnul.
  2901 | D:4      | Found a shadowy altar of Dithmenos.
  2901 | D:4      | Found a shattered altar of Ashenzari.
  2905 | D:4      | Found a bloodstained altar of Trog.
  2906 | D:4      | Found a corrupted altar of Lugonu.
  2914 | D:4      | Learned a level 5 spell: Fireball
  2933 | Ossuary  | Entered an ossuary
  3384 | Ossuary  | Reached skill level 6 in Conjurations
  3415 | Ossuary  | Reached XP level 7. HP: 36/36 MP: 7/15
  3957 | D:4      | Found a glowing golden altar of the Shining One.
  4156 | D:4      | Reached skill level 7 in Conjurations
  4224 | D:5      | Entered Level 5 of the Dungeon
  4425 | D:4      | Found a snail-covered altar of Cheibriados.
  4797 | D:5      | Reached XP level 8. HP: 41/41 MP: 11/16
  4827 | D:5      | Reached skill level 8 in Conjurations
  4932 | D:5      | Found a sacrificial altar of Ru.
  5582 | D:6      | Noticed Edmund
  5600 | D:6      | Killed Edmund
  5600 | D:6      | Reached skill level 9 in Conjurations
  5741 | D:6      | Mangled by a centaur

Skill      XL: |  1  2  3  4  5  6  7  8 |
---------------+-------------------------+-----
Conjurations   | 2 3 4 5 6 7 9 |  9.3
Spellcasting   | 3 4 |  4.0
Fire Magic     | 4 5 7 8 |  8.1
Dodging        | |  2.1
Stealth        | |  2.1

Action                   |  1- 3 |  4- 6 |  7- 9 || total
-------------------------+-------+-------+-------++-------
Melee: Unarmed           |    27 |    78 |    18 ||   123
       War axe           |       |       |    57 ||    57
 Cast: Flame Tongue      |    69 |   119 |    83 ||   271
       Conjure Flame     |       |     9 |    12 ||    21
  Use: Scroll            |       |     1 |       ||     1
 Stab: Sleeping          |     2 |     1 |       ||     3
  Eat: Chunk             |     3 |     8 |     7 ||    18
       Ration            |       |     1 |     1 ||     2
Armor: Robe              |    11 |    17 |     9 ||    37
Dodge: Dodged            |    24 |    64 |    60 ||   148
